 Dungeon Crawl Stone Soup version 0.29.1-15-g9cfb28693d (webtiles) character file.

Game seed: 7649337590060769467

9574 tizbic2 the Geomancer (level 11, 0/91 HPs)
             Began as a Grey Draconian Air Elementalist on Apr 23, 2023.
             Was a High Priest of Cheibriados.
             Slain by a torpor snail (13 damage)
             ... on level 8 of the Dungeon.
             The game lasted 00:56:19 (12073 turns).

tizbic2 the Geomancer (DrAE)                       Turns: 12073, Time: 00:56:19

Health: 0/91       AC: 14    Str: 24    XL:     11   Next: 24%
Magic:  12/23      EV: 14    Int: 35    God:    Cheibriados [*****.]
Gold:   580        SH:  5    Dex: 25    Spells: 9/26 levels left

rFire   + . .      SeeInvis .   d - staff of air
rCold   . . .      Faith    .   (no shield)
rNeg    . . .      Spirit   .   (body armour unavailable)
rPois   .          Reflect  +   (helmet restricted)
rElec   +          Harm     .   (no cloak)
rCorr   .          Rampage  .   F - +0 pair of gloves
Will    .....                   c - +0 pair of boots
Stlth   +++.......              l - amulet of reflection
HPRegen 0.25/turn               E - ring of protection from fire
MPRegen 0.18/turn               k - ring of flight

@: flying, slowed, studying Long Blades, very slow
A: AC +12, amphibious, unfitting armour, cold-blooded
a: Renounce Religion, Bend Time, Temporal Distortion, Slouch, Step From Time


You were on level 8 of the Dungeon.
You worshipped Cheibriados.
Cheibriados was extremely pleased with you.
You visited 3 branches of the dungeon, and saw 13 of its levels.
You also visited: Ossuary.

You collected 580 gold pieces.

Inventory:

Hand Weapons
 w - a +3 sling of flaming
 y - a +3 war axe
 C - a +5 spear of protection
 I - a +2 flail of holy wrath
Missiles
 f - 7 curare-tipped darts
 g - 6 boomerangs
 m - 3 poisoned darts
Armour
 c - a +0 pair of boots (worn)
 F - a +0 pair of gloves (worn)
Magical Staves
 a - a staff of earth
 d - a staff of air (weapon)
Jewellery
 k - a ring of flight (right hand)
 l - an amulet of reflection (around neck)
 q - an amulet of faith
 E - a ring of protection from fire (left hand)
Wands
 b - a wand of charming (8)
 o - a wand of digging (5)
 u - a wand of flame (28)
 J - a wand of quicksilver (12)
Scrolls
 h - a scroll of butterflies
 i - 2 scrolls of amnesia
 j - a scroll of identify
 n - 3 scrolls of vulnerability
 p - 2 scrolls of teleportation
 x - a scroll of fear
Potions
 r - 3 potions of might
 s - 2 potions of magic
 t - 2 potions of attraction
 z - 3 potions of flight
 A - 2 potions of cancellation
 B - 3 potions of heal wounds
 D - a potion of lignification
 G - 2 potions of curing
 H - a potion of brilliance {unknown}


   Skills:
 + Level 6.6 Fighting
 + Level 5.9 Staves
 + Level 3.4 Dodging
 - Level 1.7 Stealth
 * Level 8.2 Spellcasting
 - Level 1.5 Conjurations
 - Level 3.7 Summonings
 * Level 1.0 Translocations
 * Level 5.1 Air Magic
 + Level 9.6 Earth Magic
 + Level 6.3 Invocations
 - Level 1.5 Evocations


You had 9 spell levels left.
You knew the following spells:

 Your Spells              Type           Power      Damage    Failure   Level
a - Shock                 Conj/Air       100%       1d9       1%          1
b - Static Discharge      Conj/Air       54%        3-10/arc  1%          2
c - Airstrike             Air            33%        2d(5-21)  3%          4
d - Sandblast             Erth           100%       2d20      1%          1
e - Blink                 Tloc           42%        N/A       3%          2
f - Stone Arrow           Conj/Erth      100%       3d13      1%          3
g - Summon Lightning Spi  Summ/Air       62%        N/A       4%          4

Your spell library contained the following spells:

 Spells                   Type           Power      Damage    Failure   Level
 Summon Small Mammal      Summ           100%       N/A       1%          1
 Passwall                 Tmut/Erth      40%        N/A       1%          2
 Call Canine Familiar     Summ           40%        N/A       1%          3
 Swiftness                Air            66%        N/A       1%          3
 Summon Guardian Golem    Hex/Summ       27%        N/A       4%          3
 Lesser Beckoning         Tloc           21%        N/A       6%          3
 Tukima's Dance           Hex            14%        N/A       9%          3
 Passage of Golubria      Tloc           21%        N/A       19%         4
 Manifold Assault         Tloc           21%        N/A       47%         5
 Yara's Violent Unravell  Hex/Tmut       7%         3d5       63%         5
 Storm Form               Tmut/Air       24%        N/A       100%        7
 Maxwell's Capacitive Co  Air            33%        ∞         100%        8


Dungeon Overview and Level Annotations

Branches:
Dungeon (11/15)            Temple (1/1) D:7            Lair (1/5) D:8
    Orc (0/2) D:9         Ossuary (visited)

Altars:
Ashenzari
Cheibriados
Dithmenos
Elyvilon
Fedhas
Gozag
Hepliaklqana
Kikubaaqudgha
Makhleb
Nemelex Xobeh
Okawaru
Qazlal
Ru
Sif Muna
Trog
Uskayaw
Vehumet
Wu Jian
Xom
Yredelemnul
Zin
The Shining One
Lugonu

Shops:
D:2 (


Innate Abilities, Weirdness & Mutations

Your dull iron-grey scales are very hard. (AC +12)
You are amphibious.
You cannot fit into any form of body armour.
You are cold-blooded and may be slowed by cold attacks.


Message History

The torpor snail is struck by an arc of lightning.
The torpor snail is moderately wounded.
The yak is struck by an arc of lightning!
The yak is moderately wounded.
The torpor snail is struck by an arc of lightning.
The torpor snail is moderately wounded.
The lightning grounds out.
The komodo dragon hisses angrily.
The bullfrog closely misses you. The yak barely misses you.
The bullfrog hits you.
The yak gores you but does no damage. x2
The bullfrog misses you. The torpor snail bites you! The yak gores you!
You block the yak's attack.
You fly upwards.
Welcome back to the Dungeon!
There is a staircase to the Lair here.
The torpor snail attacks as you move away!
You block the torpor snail's attack. The bullfrog closely misses you.
The bullfrog hits you but does no damage. x2
The yak closely misses you.
The bullfrog hits you but does no damage.
The yak gores you! The bullfrog barely misses you.
You block the bullfrog's attack. The bullfrog hits you.
You block the yak's attack. The torpor snail closely misses you.
The bullfrog hits you. The yak gores you but does no damage.
The yak misses you. The yak attacks as you move away! The yak misses you.
The yak attacks as you move away! The yak gores you but does no damage.
You block the bullfrog's attack. The bullfrog hits you.
The bullfrog closely misses you. The yak closely misses you.
The bullfrog hits you. The yak gores you!
* * * LOW HITPOINT WARNING * * *
The yak attacks as you move away! The yak barely misses you.
The bullfrog misses you. The bullfrog closely misses you.
The bullfrog hits you but does no damage.
The torpor snail bites you.
* * * LOW HITPOINT WARNING * * *
You block the bullfrog's attack. The bullfrog misses you.
The bullfrog hits you.
* * * LOW HITPOINT WARNING * * *
The torpor snail bites you!
You die...

......#
###......#######......
#######
#................####. ###
#................# ## ..#
#....≈.~.~~...~.## ..#
##...~~.~.~≈~.~..# ..#
#...~~~.~.≈≈≈~~..# ..#
##...~~~≈~.~≈≈†...#
..########....~≈≈≈~.~~~..~.#
...........#...≈@≈~.~~.~~..#
.#####.....#...≈wF≈.~.~~~..#
.# #####.#..~≈≈YY.~.~≈~≈.#
.# #....~~~.~..~≈~≈~~# .#
##..~.~......≈≈≈≈≈# ##
#...≈~.~.>.~≈≈≈≈≈#
#(..~~≈....~≈≈≈≈≈## #
#..~≈≈~.~.~.~≈≈≈~.#####
#....~≈~≈~~~≈~~~~...##.


You could see a torpor snail, 2 yaks and a bullfrog.

Vanquished Creatures
  Joseph (D:7)
  Maggie (D:7)
  2 trolls
  Grinder (D:3)
  Prince Ribbit (D:7)
  2 shadows (D:9)
  2 wyverns
  14 yaks
  Edmund (D:4)
  A two-headed ogre zombie (D:9)
  Menkaure (D:7)
  Duvessa (D:4)
  2 sky beasts
  2 black bears
  3 orc warriors
  2 ice beasts
  2 ogres (D:6)
  5 wolves (D:8)
  2 phantoms
  4 centaurs
  3 kobold brigands
  3 elf zombies (Ossuary)
  2 nameless horrors (D:6)
  4 bullfrogs
  3 necrophages
  3 scorpions
  A gnoll sergeant (D:6)
  4 wights
  A troll zombie (D:9)
  Dowan (D:4)
  2 howler monkeys
  3 electric eels (D:8)
  A centaur zombie (Ossuary)
  9 hounds
  2 jellies (D:5)
  2 human zombies (Ossuary)
  4 orc priests
  4 gnoll boudas
  4 iguanas
  Terence (D:3)
  6 orc wizards
  Ijyb (D:4)
  4 ogre zombies (D:9)
  2 mummies (Ossuary)
  28 gnolls
  5 adders
  4 white imps
  2 adder zombies (Ossuary)
  24 orcs
  4 ball pythons
  3 bats (D:1)
  5 endoplasms
  2 giant cockroaches
  3 goblins
  5 hobgoblins
  2 jackals (D:3)
  2 quokkas (D:4)
  2 frilled lizards (D:3)
  A goblin skeleton (D:9)
  2 goblin zombies
  2 hobgoblin skeletons (D:9)
  6 hobgoblin zombies
  20 kobolds
  11 kobold zombies (Ossuary)
  3 orc skeletons (D:9)
  21 orc zombies
  5 rats
  A rat zombie (Ossuary)
  A butterfly (D:7)
284 creatures vanquished.

Vanquished Creatures (collateral kills)
  A gnoll sergeant (D:8)
  A troll zombie (D:9)
  An orc wizard (D:7)
  3 gnolls (D:8)
  2 orcs
  A goblin skeleton (D:9)
  An orc skeleton (D:9)
  4 orc zombies (D:9)
14 creatures vanquished.

Vanquished Creatures (others)
  2 fungi (D:3)
  5 plants (D:6)
7 creatures vanquished.

Grand Total: 305 creatures vanquished

Notes
Turn   | Place    | Note
-------+----------+-------------------------------------------
     0 | D:1      | tizbic2 the Draconian Air Elementalist began the quest for
                  | the Orb.
     0 | D:1      | Reached XP level 1. HP: 14/14 MP: 3/3
   325 | D:1      | Reached XP level 2. HP: 22/22 MP: 3/5
  1090 | D:2      | Found Beklucki's Antique Weapon Boutique.
  1118 | D:2      | Learned a level 2 spell: Static Discharge
  1203 | D:2      | Found a faded altar of an unknown god.
  1682 | D:3      | Noticed Grinder
  1760 | D:3      | Reached XP level 3. HP: 23/27 MP: 3/6
  1771 | D:3      | HP: 1/27 [poisoned by an adder]
  2100 | D:3      | Found a bloodstained altar of Trog.
  2128 | D:3      | Noticed Terence
  2157 | D:3      | Killed Terence
  2158 | D:3      | Reached XP level 4. HP: 4/34 MP: 0/8
  2519 | D:3      | Paralysed by Grinder for 2 turns
  2527 | D:3      | Killed Grinder
  2528 | D:3      | Reached skill level 5 in Air Magic
  2528 | D:3      | Reached XP level 5. HP: 7/39 MP: 0/11
  2528 | D:3      | Reached XP level 6. HP: 9/46 MP: 0/12
  3143 | D:4      | Found a snail-covered altar of Cheibriados.
  3149 | D:4      | Learned a level 4 spell: Airstrike
  3160 | D:4      | Noticed Dowan
  3216 | D:4      | Killed Dowan
  3407 | D:4      | Noticed Duvessa
  3423 | D:4      | Killed Duvessa
  3424 | D:4      | Reached skill level 5 in Spellcasting
  3690 | D:4      | Your scales start taking on a dull iron-grey colour.
  3690 | D:4      | Reached XP level 7. HP: 42/51 MP: 8/14
  3740 | D:4      | Learned a level 1 spell: Sandblast
  3751 | D:4      | Became a worshipper of Cheibriados the Contemplative
  3957 | D:4      | Noticed Edmund
  3966 | D:4      | Reached skill level 1 in Fighting
  3974 | D:4      | HP: 2/52 [Edmund/+4 vorpal dire flail (2)]
  3979 | D:4      | Killed Edmund
  3980 | D:4      | Reached skill level 1 in Staves
  3980 | D:4      | Reached skill level 1 in Earth Magic
  3980 | D:4      | Reached skill level 1 in Evocations
  4640 | D:4      | Reached skill level 2 in Earth Magic
  4791 | D:4      | Noticed Ijyb
  4802 | D:4      | Killed Ijyb
  4826 | D:4      | Reached * piety under Cheibriados
  4839 | D:4      | Reached skill level 3 in Earth Magic
  5138 | D:5      | Entered Level 5 of the Dungeon
  5174 | D:5      | Reached XP level 8. HP: 62/62 MP: 12/16
  5189 | D:5      | Found a sand-covered staircase.
  5207 | D:5      | Reached skill level 1 in Invocations
  5255 | Ossuary  | Entered an ossuary
  5329 | Ossuary  | Reached skill level 4 in Earth Magic
  5341 | Ossuary  | Reached ** piety under Cheibriados
  5760 | D:5      | Reached skill level 5 in Earth Magic
  5781 | D:5      | Reached *** piety under Cheibriados
  6166 | D:5      | Found a shadowy altar of Dithmenos.
  6178 | D:5      | Found an ancient bone altar of Kikubaaqudgha.
  6244 | D:5      | Learned a level 2 spell: Blink
  6585 | D:5      | Found a radiant altar of Vehumet.
  6641 | D:5      | Found a hide-covered altar of Uskayaw.
  6698 | D:6      | Reached skill level 6 in Earth Magic
  6707 | D:6      | Reached **** piety under Cheibriados
  6708 | D:6      | Reached XP level 9. HP: 58/71 MP: 6/18
  6774 | D:6      | Learned a level 3 spell: Stone Arrow
  6779 | D:6      | Learned a level 4 spell: Summon Lightning Spire
  6787 | D:6      | Found a shimmering blue altar of Sif Muna.
  6787 | D:6      | Found a sacrificial altar of Ru.
  6793 | D:6      | Found a basalt altar of Yredelemnul.
  6937 | D:6      | Found an opulent altar of Gozag.
  7106 | D:6      | Noticed a nameless horror
  7113 | D:6      | Killed a nameless horror
  7321 | D:6      | Reached skill level 7 in Earth Magic
  7528 | D:6      | Reached ***** piety under Cheibriados
  7757 | D:6      | Found a white marble altar of Elyvilon.
  7757 | D:6      | Found a glowing golden altar of the Shining One.
  7758 | D:6      | Found a glowing silver altar of Zin.
  8154 | D:7      | Reached skill level 5 in Fighting
  8308 | D:7      | Reached skill level 8 in Earth Magic
  8428 | D:7      | Noticed Joseph
  8433 | D:7      | Killed Joseph
  8631 | D:7      | Reached XP level 10. HP: 78/81 MP: 17/20
  8656 | D:7      | Found a staircase to the Ecumenical Temple.
  8666 | Temple   | Entered the Ecumenical Temple
  8792 | D:7      | Noticed Menkaure
  8798 | D:7      | Killed Menkaure
  9040 | D:7      | Reached skill level 5 in Staves
  9041 | D:7      | Reached skill level 5 in Invocations
  9214 | D:7      | Noticed Prince Ribbit
  9218 | D:7      | Killed Prince Ribbit
  9252 | D:7      | Noticed Maggie
  9258 | D:7      | Killed Maggie
  9493 | D:8      | Reached skill level 9 in Earth Magic
  9504 | D:7      | Reached skill level 1 in Summonings
  9802 | D:8      | You fall into a shaft and drop 3 floors!
  9836 | D:10     | Entered Level 10 of the Dungeon
 10098 | D:9      | Found a sparkling altar of Nemelex Xobeh.
 10790 | D:9      | Reached XP level 11. HP: 91/91 MP: 17/22
 10819 | D:9      | Found a staircase to the Orcish Mines.
 11524 | D:8      | Identified the +0 robe "Buzadunabb" {rElec Int+3}
 11751 | D:8      | Reached skill level 5 in Air Magic
 11926 | D:8      | Found a staircase to the Lair.
 12056 | Lair:1   | Entered Level 1 of the Lair of Beasts
 12060 | Lair:1   | Reached skill level 1 in Translocations
 12073 | D:8      | Slain by a torpor snail

Illustrated notes

Levels and vault maps discovered:
D:1:      dpeg_arrival_oval, layout_rooms, minmay_unequal
D:2:      layout_basic, shapermc_ecumenical_altar_pompeii, serial_shops,
          nicolae_shop_overgrown_old_shop
D:3:      layout_rooms, mainiacjoe_overflow_chevrons, minmay_misc_feat_five,
          corner_web_ring, uniq_grinder, uniq_terence
D:4:      layout_loops_ring, old_standard_altar, minmay_manual_monstrance,
          uniq_edmund, uniq_duvessa, uniq_ijyb
D:5:      layout_basic, nicolae_overflow_quartered_altars,
          nicolae_ossuary_entry_false_entrances
D:6:      minmay_spotlight, layout_loops_ring, good_gods_temple_1,
          lemuel_crystal_altar, chequers_temple_overflow_statue_of_worship,
          nicolae_gozag_seed_capital, serial_bayou_crossing
D:7:      layout_gridville, minmay_temple_entry_butterflies,
          serial_park_tiny_pond, uniq_prince_ribbit1, uniq_menkaure,
          uniq_maggie, uniq_joseph
D:8:      layout_cave_pods, erik_lair_island, serial_column_ruins,
          column_ruins_hut, column_ruins_grid_3, column_ruins_open_tiny,
          column_ruins_corridor_T, column_ruins_columns_dead_end,
          column_ruins_corridor_corner, column_ruins_open_tiny_water,
          column_ruins_corridor_straight
D:9:      layout_irregular_city, lemuel_doored_altar, zombieorc2_lemuel,
          kennysheep_generic_room_10
D:10:     layout_roguey, uniq_erolcha
D:11:     layout_loops_corners, uniq_snorg, uniq_gastronok, uniq_maurice,
          uniq_lodul, uniq_grum
Temple:   corrupted_temple
Lair:1:   beast_lair_carwin_large_3, layout_hall_layers, serial_rivers,
          chequers_serial_rivers_large_b, chequers_serial_rivers_room_a,
          chequers_serial_rivers_micro_d, chequers_serial_rivers_marsh,
          minmay_stone_trees_medium, grunt_forest_small_clearings

Skill      XL: |  1  2  3  4  5  6  7  8  9 10 11 |
---------------+----------------------------------+-----
Spellcasting   | 3 4 5 6 7 8 |  8.2
Air Magic      | 4 5 4 5 |  5.1
Fighting       | 2 4 5 6 |  6.6
Staves         | 2 3 4 5 |  5.9
Earth Magic    | 3 6 8 9 |  9.6
Evocations     | 1 |  1.5
Invocations    | 3 4 6 |  6.3
Dodging        | 3 |  3.4
Summonings     | 3 |  3.7
Translocations | 1 |  1.0
Stealth        | |  1.7
Conjurations   | |  1.5

Action                   |  1- 3 |  4- 6 |  7- 9 | 10-12 || total
-------------------------+-------+-------+-------+-------++-------
Melee: Long sword        |     5 |       |       |       ||     5
       Tailslap          |     8 |     3 |    43 |    22 ||    76
       Unarmed           |     2 |       |       |       ||     2
       Rapier            |    43 |    41 |       |       ||    84
       Staff             |       |       |   242 |    81 ||   323
       Dire flail        |       |       |    21 |       ||    21
       Punch             |       |       |     3 |     3 ||     6
       Spear             |       |       |       |     6 ||     6
 Fire: Sling             |       |       |     1 |     3 ||     4
 Cast: Shock             |    28 |    11 |    69 |    26 ||   134
       Static Discharge  |     3 |    19 |    35 |    16 ||    73
       Sandblast         |       |       |    74 |    51 ||   125
       Airstrike         |       |       |     8 |    11 ||    19
       Stone Arrow       |       |       |     8 |    50 ||    58
       Summon Lightning  |       |       |     1 |     8 ||     9
       Blink             |       |       |       |     1 ||     1
Invok: Bend Time         |       |       |     1 |       ||     1
  Use: Potion            |     3 |     1 |     6 |     1 ||    11
       Scroll            |       |       |     9 |     6 ||    15
 Stab: Sleeping          |     4 |       |     1 |     1 ||     6
       Distracted        |       |       |       |     1 ||     1
Armor: Skin              |    18 |    14 |   233 |    82 ||   347
Dodge: Dodged            |    35 |    44 |   350 |   132 ||   561
Block: Other             |       |       |     4 |    48 ||    52
       Reflection        |       |       |       |     2 ||     2
